Map: [ESL] Oceanborn

Players

Fjant

  • Race: Zerg Zerg
  • League: Master
  • Spawn Location: 5:00

Lambo - Winner!

  • Race: Zerg Zerg
  • Spawn Location: 11:00

Event: Bellum Gens Elite Stara Zagora 2024

VOD

Have the link to the VOD?

Description

Time

  • Played on: Sept. 7, 2024, 10 a.m.
  • Length: 10:45

All games in this series

Show
View Real Time Build Order
Export as new Build Order

Fjant Zerg 

Build Orders: Hatch First 

Get SALT Encoding   

  12  0:02  Drone  
  13  0:13  Overlord  
  13  0:19  Drone  
  14  0:32  Drone x2  
  16  0:48  Hatchery  
  15  0:52  Drone  
  15  0:56  Drone  
  17  0:58  Drone  
  18  1:10  Extractor  
  17  1:14  Spawning Pool  
  17  1:17  Drone  
  17  1:21  Drone  
  18  1:29  Drone  
  20  1:40  Drone  
  20  1:50  Drone  
  21  2:00  Queen x2  
  25  2:01  Zergling x2  
  25  2:02  Overlord  
  26  2:12  Drone x2  
  28  2:17  Metabolic Boost  
  28  2:24  Drone  
  28  2:25  Drone  
  30  2:36  Hatchery  
  29  2:44  Drone x2  
  29  2:46  Baneling Nest  
  29  2:47  Drone  
  29  2:50  Overlord  
  31  2:55  Drone  
  32  3:06  Drone x2  
  32  3:07  Zergling x2  
  32  3:08  Zergling x2  
  36  3:16  Zergling x2  
  36  3:17  Drone x5  
  42  3:23  Queen  
  44  3:27  Overlord  
  44  3:31  Baneling  
  44  3:34  Overlord  
  43  3:38  Baneling x2  
  43  3:45  Overlord  
  43  3:46  Zergling x2  
  43  3:47  Zergling x8  
  48  3:53  Drone  
  48  3:54  Drone  
  50  3:56  Roach Warren, Drone  
  50  3:58  Drone  
  50  4:00  Drone  
  52  4:03  Drone  
  53  4:11  Drone x3, Extractor  
  55  4:17  Lair  
  55  4:19  Overlord  
  55  4:31  Overlord  
  55  4:33  Drone x3  
  57  4:39  Roach x3  
  57  4:41  Drone x3  
  66  4:47  Roach x4  
  66  4:51  Overlord  
  73  4:54  Zergling x8  
  73  4:56  Drone  
  73  4:58  Zergling x2  
  73  4:59  Zergling x4  
  81  5:04  Roach  
  83  5:12  Roach x2  
  85  5:18  Zergling x12  
  85  5:19  Drone x4  
  85  5:21  Glial Reconstitution  
  95  5:28  Drone x2  
  96  5:29  Evolution Chamber  
  96  5:30  Drone  
  96  5:31  Drone  
  96  5:33  Overlord  
  97  5:41  Drone x2  
  96  5:45  Drone x2  
  96  5:48  Drone  
  97  5:53  Extractor  
  97  5:55  Extractor x2  
  93  5:57  Spire  
  93  5:59  Drone x2, Extractor  
  93  6:00  Drone x3  
  93  6:01  Drone  
  97  6:09  Overlord  
  97  6:12  Overlord  
  97  6:17  Zerg Missile Weapons Level 1  
  97  6:19  Hatchery, Roach  
  97  6:21  Roach  
  97  6:24  Roach  
  97  6:25  Roach  
  104  6:29  Overlord  
  104  6:31  Roach x3  
  110  6:35  Spine Crawler, Roach x2  
  110  6:36  Spine Crawler  
  106  6:50  Overlord  
  106  6:53  Overlord  
  103  7:05  Overlord  
  103  7:09  Mutalisk x4  
  103  7:11  Mutalisk  
  103  7:14  Overlord x3  
  113  7:16  Roach  
  113  7:17  Roach  
  113  7:20  Roach x3  
  123  7:26  Roach x3  
  123  7:28  Roach  
  123  7:29  Overlord  
  131  7:30  Overlord x2  
  131  7:38  Roach  
  131  7:39  Roach x3  
  131  7:41  Roach x3  
  145  7:45  Ravager  
  145  7:48  Roach  
  145  7:51  Overlord  
  148  7:53  Roach x3  
  154  8:12  Zerg Missile Weapons Level 2  
  154  8:14  Roach  
  154  8:15  Roach x4  
  164  8:24  Roach x5  
  164  8:26  Roach  
  176  8:32  Roach  
  172  8:43  Roach  
  172  8:44  Roach x3  
  172  8:45  Drone x2  
  174  8:49  Drone x3  
  174  8:51  Roach x5  
  174  8:52  Roach  
  174  8:54  Roach x3  
  193  9:07  Overlord  
  193  9:08  Overlord  
  187  9:31  Roach x2  
  187  9:35  Roach x2  
  179  9:41  Roach x5  
  179  9:45  Roach x5  
  160  9:46  Roach  
  160  9:49  Roach x4  
  160  9:51  Roach  
  160  9:54  Roach  
  160  9:55  Roach  
  160  9:59  Ravager x4, Roach  
  166  10:00  Ravager x2  
  166  10:01  Ravager  
  166  10:02  Roach  
  166  10:04  Roach x2  
  174  10:08  Roach  
  169  10:25  Roach x9  
Show
View Real Time Build Order
Export as new Build Order

Lambo Zerg - Winner!

Build Orders: Hatch First 

Get SALT Encoding   

  12  0:00  Drone  
  13  0:12  Overlord  
  13  0:17  Drone  
  14  0:30  Drone x2  
  16  0:47  Hatchery  
  15  0:51  Drone  
  15  0:54  Drone  
  17  0:58  Drone  
  18  1:08  Extractor  
  17  1:13  Spawning Pool  
  17  1:16  Drone  
  17  1:20  Drone  
  18  1:27  Drone  
  19  1:38  Drone  
  20  1:49  Drone  
  21  1:59  Queen x2  
  21  2:00  Zergling x2  
  21  2:01  Overlord  
  26  2:08  Metabolic Boost  
  26  2:10  Drone x2  
  28  2:21  Drone x2  
  30  2:31  Drone  
  30  2:35  Hatchery  
  30  2:38  Zergling x2  
  30  2:42  Drone  
  32  2:45  Baneling Nest  
  32  2:49  Overlord  
  31  2:53  Drone  
  32  3:00  Drone  
  32  3:02  Queen  
  35  3:07  Drone x2  
  35  3:09  Zergling x2  
  35  3:10  Drone  
  35  3:12  Drone  
  40  3:13  Zergling x2  
  40  3:18  Zergling x2  
  42  3:20  Overlord  
  42  3:24  Drone  
  43  3:28  Drone  
  43  3:31  Baneling  
  44  3:35  Extractor  
  44  3:36  Roach Warren  
  44  3:41  Drone x5  
  46  3:48  Drone x3  
  50  3:49  Drone  
  50  3:52  Drone  
  52  3:58  Drone x2  
  52  4:02  Drone  
  55  4:06  Overlord  
  55  4:10  Overlord x2  
  55  4:12  Baneling x2  
  54  4:18  Roach x2  
  58  4:24  Roach x4  
  58  4:30  Roach x3  
  72  4:34  Roach  
  72  4:35  Overlord  
  74  4:40  Roach  
  74  4:41  Drone x2  
  74  4:45  Roach  
  80  4:46  Drone x2  
  80  4:48  Overlord  
  80  4:49  Overlord  
  80  4:53  Drone x2  
  80  4:54  Overlord  
  80  4:56  Drone x2  
  80  4:59  Drone x2  
  86  5:01  Drone  
  86  5:04  Drone  
  86  5:06  Lair  
  86  5:07  Extractor  
  87  5:13  Drone  
  87  5:17  Extractor  
  87  5:18  Evolution Chamber  
  87  5:19  Roach x2  
  89  5:22  Drone x7  
  89  5:23  Drone  
  89  5:25  Drone x2  
  89  5:27  Extractor  
  89  5:28  Overlord  
  98  5:32  Drone x2  
  100  5:40  Drone  
  100  5:45  Drone x3  
  99  5:53  Queen, Extractor  
  99  5:55  Zerg Missile Weapons Level 1  
  100  6:00  Roach x7  
  100  6:01  Overlord  
  100  6:03  Overlord  
  113  6:05  Overlord  
  113  6:06  Roach  
  113  6:07  Overseer  
  115  6:14  Drone  
  115  6:16  Overlord  
  116  6:19  Overlord  
  116  6:20  Overlord  
  116  6:21  Overlord  
  116  6:22  Overlord  
  116  6:24  Overlord  
  116  6:26  Drone  
  116  6:27  Drone  
  116  6:28  Pneumatized Carapace  
  116  6:31  Roach x3  
  124  6:34  Roach x2  
  124  6:38  Ravager  
  129  6:41  Roach  
  129  6:42  Roach  
  128  6:48  Roach x2  
  128  6:53  Roach x2  
  135  7:01  Roach x7  
  146  7:03  Drone  
  146  7:05  Overlord  
  146  7:08  Drone  
  148  7:10  Drone  
  148  7:15  Hatchery  
  148  7:17  Roach x2  
  148  7:18  Ravager x2  
  148  7:21  Queen  
  156  7:22  Ravager  
  156  7:23  Ravager x2  
  156  7:26  Glial Reconstitution  
  156  7:29  Overlord  
  159  7:34  Hydralisk Den, Spore Crawler  
  159  7:35  Spore Crawler  
  156  7:37  Spore Crawler, Drone x2  
  156  7:42  Drone x2  
  159  7:45  Drone  
  159  7:47  Spore Crawler  
  159  7:48  Drone  
  159  7:49  Drone  
  159  7:50  Drone x3  
  159  7:51  Drone  
  165  7:52  Zerg Missile Weapons Level 2  
  165  7:56  Evolution Chamber  
  164  8:00  Drone x2  
  164  8:01  Overseer  
  164  8:03  Zergling x2  
  167  8:12  Hydralisk x6  
  169  8:14  Grooved Spines  
  179  8:21  Hydralisk x3  
  179  8:23  Overlord  
  179  8:25  Overlord  
  185  8:29  Overlord  
  185  8:32  Roach  
  185  8:33  Roach x2  
  191  8:36  Overlord  
  188  8:45  Overlord  
  188  8:47  Roach x4  
  192  8:53  Roach x3  
  198  9:04  Muscular Augments  
  198  9:05  Hatchery  
  198  9:08  Overlord  
  197  9:13  Roach  
  198  9:17  Ravager  
  199  9:30  Roach  
  198  9:32  Roach x2  
  198  9:34  Roach  
  198  9:35  Roach x2  
  198  9:36  Roach  
  198  9:38  Roach x3  
  199  9:43  Roach x5  
  199  9:45  Roach  
  186  9:48  Ravager  
  186  9:50  Roach  
  189  9:54  Roach  
  189  9:57  Roach  
  189  9:59  Roach x3  
  199  10:06  Ravager  
  200  10:23  Roach x4  
Tags
 
Add a new tag
Caveats
  • Supply blocks, unpowered buildings, or Contaminate may cause inaccurate times.
  • Supply counts are checked every 10 seconds.